 Dungeon Crawl Stone Soup version 0.21.0-3-g78d12a8 (webtiles) character file.

324 Gigax the Insei (level 6, -1/63 HPs)
             Began as an Octopode Monk on Jan 14, 2018.
             Was a Believer of Cheibriados.
             Slain by an orc warrior
             ... wielding a +0 glaive
              (18 damage)
             ... on level 5 of the Dungeon.
             The game lasted 00:05:26 (2945 turns).

Gigax the Insei (Octopode Monk)                     Turns: 2945, Time: 00:05:26

Health: -1/63      AC: 23    Str: 17    XL:     6   Next: 48%
Magic:  6/6        EV:  2    Int: 16    God:    Cheibriados [**....]
Gold:   239        SH:  0    Dex: 18    Spells: 5/5 levels left

rFire    . . .     SeeInvis .     - Unarmed
rCold    . . .     Gourm    .   (no shield)
rNeg     + + +     Faith    .   (helmet currently unavailable)
rPois    +         Spirit   .   (no amulet)
rElec    .         Reflect  .   (no ring)
rCorr    .         Harm     .   (no ring)
MR       .....     NoTele   +   (no ring)
Stlth    ++........             (no ring)
HPRegen  0.20/turn              (no ring)
MPRegen  0.10/turn              (no ring)
                                (no ring)
                                (no ring)

@: tree-form, very slow
A: almost no armour, stealthy swim, (amphibious), 8 rings, (constrict 8),
repulsion field 1
a: Bend Time, Renounce Religion


You were on level 5 of the Dungeon.
You worshipped Cheibriados.
Cheibriados was pleased with you.
You were not hungry.
You were a tree.
You visited 2 branches of the dungeon, and saw 6 of its levels.

You collected 239 gold pieces.

Inventory:

Scrolls
 c - 3 scrolls of remove curse
 g - 8 scrolls of teleportation
 i - 3 scrolls of amnesia
Potions
 d - a potion of curing
 e - 2 potions of resistance
 f - a potion of cancellation
 h - a potion of lignification
 j - a potion of degeneration {unknown}
 k - a potion of mutation
Comestibles
 a - 9 rations
 b - 4 chunks of flesh


   Skills:
 - Level 3.0 Fighting
 + Level 4.7 Dodging
 - Level 2.6 Stealth
 * Level 6.0 Unarmed Combat
 + Level 0.0 Invocations


You had 5 spell levels left.
You didn't know any spells.

Dungeon Overview and Level Annotations

Branches:
Dungeon (5/15)             Temple (1/1) D:4

Altars:
Cheibriados
Dithmenos
Elyvilon
Fedhas
Makhleb
Nemelex Xobeh
Ru
Sif Muna
Uskayaw
Vehumet
Wu Jian
Xom
Yredelemnul
The Shining One

Annotations:
D:5 Dowan, Duvessa


Innate Abilities, Weirdness & Mutations

You cannot wear most types of armour.
You are very stealthy in the water. (Stealth+)
((You are amphibious.))
You can wear up to eight rings at the same time.
((You can use your tentacles to constrict eight enemies at once.))
((Your skin changes colour to match your surroundings (Stealth+).))
((Your rubbery body absorbs attacks. (AC +1, EV +1)))
You are surrounded by a mild repulsion field. (EV +2)
((Your flesh is cold resistant. (rC+)))
((Your flesh is heat resistant. (rF+)))


Message History

The orc warrior is heavily wounded.
You hear some strange, mumbled words.
A puff of flame appears from out of thin air!
Helpless, you fail to dodge the puff of flame.
The howler monkey skeleton hits you but does no damage.
You hit the orc warrior. Your punch misses the orc warrior.
The orc warrior is heavily wounded.
You hear some strange, mumbled words.
A puff of flame appears from out of thin air!
The puff of flame hits you!
* * * LOW HITPOINT WARNING * * *
The orc warrior hits you but does no damage.
Huge Dmg: -13%(-8hp) hp: 27%(17hp)
You smack the orc warrior!
The orc warrior is almost dead.
Something hits you but does no damage.
The howler monkey skeleton hits you but does no damage.
Something hits you but does no damage.
The orc warrior hits you with a glaive!!
You die...

#..#...# . #...........
..... ?....
.############... .....
...........##..# ...###
...........##..##e.....
.......<...##..eoY.....
#............h.Zoo#.###
#..........###.♣###
#..........# #....#
#..........# ##.#....
#..........# #####...#
#..........# ..#
############ .# #


You could see Duvessa, an orc warrior, a sky beast, Dowan, a hound, 2 orcs and a
howler monkey skeleton.

Vanquished Creatures
  A black bear (D:4)
  A scorpion (D:4)
  A hound (D:4)
  2 worker ants (D:4)
  3 adders
  A worm (D:2)
  3 dart slugs
  3 leopard geckos
  3 orcs
  11 bats
  A giant cockroach (D:1)
  4 goblins
  6 hobgoblins
  3 jackals (D:3)
  10 kobolds
  2 quokkas
  2 ball pythons
  8 frilled lizards
  8 rats
73 creatures vanquished.

Vanquished Creatures (others)
  A bat (D:1)
1 creature vanquished.

Grand Total: 74 creatures vanquished

Notes
Turn   | Place    | Note
-------+----------+-------------------------------------------
     0 | D:1      | Gigax the Octopode Monk began the quest for the Orb.
     0 | D:1      | Reached XP level 1. HP: 16/16 MP: 1/1
    93 | D:1      | Reached XP level 2. HP: 19/21 MP: 2/2
   423 | D:1      | Reached XP level 3. HP: 22/26 MP: 3/3
   715 | D:1      | Found an opulent altar of Gozag.
   717 | D:1      | Found a glowing silver altar of Zin.
   717 | D:1      | Found a hazy altar of Hepliaklqana.
   719 | D:1      | Found a shimmering altar of Xom.
   719 | D:1      | Found a shimmering altar of Xom.
   719 | D:1      | Found a snail-covered altar of Cheibriados.
   853 | D:2      | Reached skill level 4 in Unarmed Combat
   866 | D:2      | You fall through a shaft for 2 floors!
  1223 | D:2      | Found a white marble altar of Elyvilon.
  1283 | D:2      | Gained mutation: Your flesh is heat resistant. (rF+) [potion of mutation]
  1283 | D:2      | Gained mutation: Your flesh is cold resistant. (rC+) [potion of mutation]
  1283 | D:2      | Gained mutation: You are surrounded by a mild repulsion field. (EV +2) [potion of mutation]
  1293 | D:2      | Reached XP level 4. HP: 31/31 MP: 4/4
  2219 | D:4      | Reached XP level 5. HP: 36/36 MP: 5/5
  2270 | D:4      | Reached skill level 5 in Unarmed Combat
  2626 | D:4      | Reached XP level 6. HP: 40/42 MP: 6/6
  2770 | D:4      | Noticed a black bear
  2781 | D:4      | Killed a black bear
  2781 | D:4      | Reached skill level 6 in Unarmed Combat
  2884 | D:4      | Found a staircase to the Ecumenical Temple.
  2893 | Temple   | Entered the Ecumenical Temple
  2900 | Temple   | Became a worshipper of Cheibriados the Contemplative
  2900 | Temple   | Reached * piety under Cheibriados
  2900 | Temple   | Reached ** piety under Cheibriados
  2925 | D:5      | Entered Level 5 of the Dungeon
  2931 | D:5      | Noticed Duvessa
  2933 | D:5      | Noticed an orc warrior
  2939 | D:5      | Noticed Dowan
  2940 | D:5      | Noticed a sky beast
  2945 | D:5      | Slain by an orc warrior

Skill      XL: |  1  2  3  4  5  6 |
---------------+-------------------+-----
Unarmed Combat | 4 5 6 |  6.0
Dodging        | 4 |  4.7
Fighting       | |  3.0
Stealth        | |  2.6

Action                   |  1- 3 |  4- 6 || total
-------------------------+-------+-------++-------
Melee: Unarmed           |    95 |    77 ||   172
       Tentacles         |    14 |    17 ||    31
       Constrict         |    23 |    20 ||    43
       Punch             |       |     3 ||     3
  Use: Scroll            |    12 |       ||    12
       Potion            |     1 |     1 ||     2
 Stab: Sleeping          |    10 |     3 ||    13
  Eat: Chunk             |     1 |     5 ||     6
Armor: Skin              |    15 |    10 ||    25
Dodge: Dodged            |    82 |    59 ||   141
